 Dungeon Crawl Stone Soup version 0.31.0-11-ge490571c62 (webtiles) character file.

Game seed: 4592493791756293530

70 Marvel the Ducker (level 4, 0/23 HPs)
             Began as a Spriggan Fighter on Feb 8, 2024.
             Slain by Grinder (1 damage)
             ... on level 3 of the Dungeon.
             The game lasted 00:02:07 (1554 turns).

Marvel the Ducker (Spriggan Fighter)                Turns: 1554, Time: 00:02:08

Health: 0/23       AC:  2    Str: 12    XL:     4   Next: 4%
Magic:  5/5        EV: 18    Int: 15    God:
Gold:   119        SH:  5    Dex: 16    Spells: 3/3 levels left

rFire   . . .        i - +0 short sword (venom)
rCold   . . .        c - +0 buckler
rNeg    . . .        b - +0 robe
rPois   .            (helmet restricted)
rElec   .            (no cloak)
rCorr   .            (gloves unavailable)
SInv    +            (boots unavailable)
Will    .....        (no amulet)
Stlth   ++           e - +6 ring of intelligence
HPRegen 0.23/turn    (no ring)
MPRegen 0.09/turn

%: no passive effects
@: very quick
A: very small, no large weapons, unfitting armour, see invisible, speed 3
a: no special abilities


You were on level 3 of the Dungeon.
You visited 1 branch of the dungeon, and saw 3 of its levels.

You collected 119 gold pieces.

Inventory:

Hand Weapons
 a - a +0 rapier
 i - a +0 short sword of venom (weapon)
 l - a +0 short sword of electrocution
Missiles
 t - 5 poisoned darts (quivered)
Armour
 b - a +0 robe (worn)
 c - a +0 buckler (worn)
Jewellery
 e - a +6 ring of intelligence (left hand)
Scrolls
 f - a scroll of immolation {unknown}
 k - a scroll of noise {unknown}
 n - 2 scrolls of identify {unknown}
 o - a scroll of enchant armour {unknown}
 p - 2 scrolls of acquirement {unknown}
 q - a scroll of amnesia {unknown}
 s - a scroll of vulnerability {unknown}
Potions
 d - a potion of might
 g - a potion of mutation {unknown}
 h - a potion of magic {unknown}
 j - 3 potions of curing {unknown}
 m - 2 potions of enlightenment {unknown}
 r - a potion of lignification {unknown}
 u - a potion of heal wounds {unknown}


   Skills:
 + Level 2.7 Fighting
 + Level 3.0 Short Blades
 + Level 4.7 Dodging
 + Level 2.1 Stealth
 + Level 2.5 Shields


You had 3 spell levels left.
You didn't know any spells.
Your spell library contained the following spells:

 Spells                   Type           Power      Damage    Failure   Level
 Apportation              Tloc           0%         N/A       36%         1
 Necrotise                Necr           0%         1d4       36%         1
 Sting                    Conj/Alch      0%         1d3       36%         1
 Summon Small Mammal      Summ           0%         N/A       36%         1
 Call Canine Familiar     Summ           0%         N/A       75%         3
 Ignite Poison            Fire/Alch      0%         N/A       98%         4
 Sticky Flame             Fire/Alch      0%         2d4       98%         4
 Summon Blazeheart Golem  Fire/Summ      0%         N/A       98%         4
 Ignition                 Fire           0%         3d3       100%        8


Dungeon Overview and Level Annotations

Branches:
Dungeon (3/15)

Altars:

Annotations:
D:3 Grinder


Innate Abilities, Weirdness & Mutations

You are very small and have problems with some larger weapons.
You are too small for most types of armour.
You have supernaturally acute eyesight. (SInv)
You cover ground extremely quickly. (Speed+++)


Message History

You hit the quokka.
The quokka is poisoned.
The quokka is lightly wounded.
The quokka completely misses you.
You closely miss the quokka.
The quokka is severely wounded.
The quokka bites you.
You hit the quokka but do no damage.
The quokka looks as sick as possible!
The quokka is severely wounded.
You block the quokka's attack.
You hit the quokka.
You kill the quokka!
HP restored.
u - a grey potion
There is a stone staircase leading up here.
Grinder comes into view.
Grinder shouts!
Grinder gestures at you.
You suddenly lose the ability to move!
Grinder gestures at you. Pain shoots through your body!
You can move again.
Grinder blinks!
There is a stone staircase leading up here.
You climb upwards.
There is a stone staircase leading down here.
You start resting.
HP restored.
You see here a +0 pair of boots.
There is a stone staircase leading down here.
You climb downwards.
Level annotation: Grinder
There is a stone staircase leading up here.
Grinder hits you!
You writhe in agony.
You hit Grinder.
Grinder is lightly wounded.
Grinder hits you!
* * * LOW HITPOINT WARNING * * *
You writhe in agony.
You die...
Grinder says, "Hey, I wasn't done torturing you yet!"

# #######
####.###....@#
#...)†..<###.5...#
#.##.....# #.###.#
#####.# #..
#.....## #######


You could see Grinder.

Vanquished Creatures
  A gnoll (D:1)
  An adder (D:2)
  3 dart slugs (D:1)
  A ribbon worm (D:2)
  6 endoplasms
  A giant cockroach (D:2)
  3 goblins
  5 hobgoblins
  A quokka (D:3)
  7 ball pythons (D:2)
  2 bats (D:2)
  5 frilled lizards
  4 kobolds
  A rat (D:1)
41 creatures vanquished.

Notes
Turn   | Place    | Note
-------+----------+-------------------------------------------
     0 | D:1      | Marvel the Spriggan Fighter began the quest for the Orb.
     0 | D:1      | Reached XP level 1. HP: 11/11 MP: 2/2
   186 | D:1      | Reached XP level 2. HP: 16/16 MP: 3/3
   639 | D:1      | Reached skill level 1 in Stealth
   639 | D:1      | Reached XP level 3. HP: 17/19 MP: 4/4
  1339 | D:2      | Reached XP level 4. HP: 21/23 MP: 5/5
  1508 | D:3      | Noticed Grinder
  1510 | D:3      | Paralysed by Grinder for 3 turns
  1554 | D:3      | HP: 1/23 [Grinder (10)]
  1554 | D:3      | Slain by Grinder

Illustrated notes

Levels and vault maps discovered:
D:1:      heliophobic_arrival_henge, layout_loops_ring, nrook_loot_triangle
D:2:      layout_loops_ring
D:3:      layout_loops_ring, elyvilon_altar_4, uniq_jessica, uniq_robin,
          uniq_grinder, uniq_natasha

Skill      XL: |  1  2  3 |
---------------+----------+-----
Stealth        | 1 2 |  2.1
Short Blades   | 3 |  3.0
Fighting       | |  2.7
Dodging        | |  4.7
Shields        | |  2.5

Action                     |  1- 3 |  4- 6 || total
---------------------------+-------+-------++-------
  Melee: Rapier            |    12 |       ||    12
         Short sword       |    76 |     9 ||    85
   Stab: Sleeping          |     9 |     1 ||    10
 Armour: Robe              |    15 |     4 ||    19
  Dodge: Dodged            |    41 |     2 ||    43
  Block: Buckler           |    10 |     2 ||    12
